 Dungeon Crawl Stone Soup version 0.21-a0-58-g625dad4 (webtiles) character file.

1704 Manul the Cudgeler (level 8, -9/62 HPs)
             Began as a Mummy Fighter on June 16, 2017.
             Killed from afar by an orc wizard (12 damage)
             ... with a puff of flame
             ... on level 6 of the Dungeon.
             The game lasted 00:04:31 (4671 turns).

Manul the Cudgeler (Mummy Fighter)                  Turns: 4671, Time: 00:04:32

Health: -9/62      AC:  9    Str: 20    XL:     8   Next: 73%
Magic:  8/8        EV:  9    Int:  7    God:
Gold:   200        SH: 10    Dex: 13    Spells: 7/7 levels left

rFire    . . .     SeeInvis .   d - +1 whip (elec)
rCold    . . .     Gourm    .   c - +0 shield
rNeg     + + +     Faith    .   b - +0 scale mail
rPois    ∞         Spirit   .   q - +0 helmet
rElec    .         Reflect  .   r - +0 cloak
rCorr    .         Harm     .   (no gloves)
MR       +....                  (no boots)
Stlth    +.........             (no amulet)
HPRegen  0.20/turn              s - ring of stealth
MPRegen  0.11/turn              f - ring of fire (curse)

@: no status effects
A: no food or potions, fire vulnerability, cold resistance 1, negative energy
resistance 3, torment resistance, unbreathing
a: no special abilities


You were on level 6 of the Dungeon.
You were not hungry.

You visited 1 branch of the dungeon, and saw 6 of its levels.

You collected 200 gold pieces.

Inventory:

Hand Weapons
 a - a +0 flail
 d - a +1 whip of electrocution (weapon)
 e - a +1 whip of freezing
Armour
 b - a +0 scale mail (worn)
 c - a +0 shield (worn)
 q - a +0 helmet (worn)
 r - a +0 cloak (worn)
Jewellery
 f - a cursed ring of fire (right hand)
 g - an uncursed ring of stealth
 s - a ring of stealth (left hand)
Scrolls
 h - a scroll of fear {unknown}
 i - 2 scrolls of recharging
 j - a scroll of teleportation {unknown}
 k - 2 scrolls of amnesia {unknown}
 m - 3 scrolls of enchant armour {unknown}
 n - 2 scrolls of magic mapping
 o - a scroll of noise {unknown}
 p - 2 scrolls of enchant weapon {unknown}


   Skills:
 + Level 5.0 Fighting
 + Level 6.0 Maces & Flails
 + Level 4.8 Armour
 + Level 2.3 Dodging
 + Level 4.8 Shields


You had 7 spell levels left.
You didn't know any spells.

Dungeon Overview and Level Annotations

Branches:
Dungeon (6/15)
 Temple: D:4-7

Altars:
Cheibriados
Kikubaaqudgha
Trog
Yredelemnul
The Shining One

Shops:
D:5 (


Innate Abilities, Weirdness & Mutations

You do not eat or drink.
Your flesh is vulnerable to fire.
You are immune to poison.
Your flesh is cold resistant. (rC+)
You are immune to negative energy. (rN+++)
You are immune to unholy pain and torment.
You can survive without breathing.


Message History

The orc warrior hits you with a hand axe.
You hit the orc warrior but do no damage.
Lightning courses through the orc warrior!
You kill the orc warrior!
Your Fighting skill increases to level 5!
Your Maces & Flails skill increases to level 6!
You hit the orc wizard.
The orc wizard is lightly wounded.
The orc wizard gestures at you while chanting.
The puff of frost hits you!
* * * LOW HITPOINT WARNING * * *
The orc wizard mumbles some strange words.
The orc wizard blinks!
The orc wizard begins to cast a cantrip, but forgets the words!
The orc wizard gestures at you while chanting.
The puff of flame hits you!
* * * LOW HITPOINT WARNING * * *
The orc wizard points at you and mumbles some strange words.
The puff of flame hits you!
You die...

#....h')..#..
#....o###.#.#
+.....# #{#.#
#.....# #.#.#
#...#.# #o#.#
#.#.#.###.#.#
#.#.#.#...#.#
#.#.#.#.###.######
#.#@#..........
#..<#.######.
###.#.# ..#.#
####.# #.# ..# .#


You could see an orc wizard.

Vanquished Creatures
  Pikel (D:5)
  Eustachio (D:4)
  2 orc warriors
  A slave (D:5)
  An ogre (D:4)
  The ghost of kroki the Ruffian, an amateur BaFi of Ru (D:3)
  A necrophage (D:3)
  2 centaurs (D:5)
  A water moccasin zombie (D:5)
  A howler monkey (D:5)
  A bullfrog zombie (D:5)
  Crazy Yiuf (D:4)
  A hound (D:5)
  2 iguanas (D:4)
  2 worker ants
  2 hound skeletons
  Robin (D:3)
  3 gnolls (D:5)
  3 adders
  2 shadow imps (D:5)
  An ooze (D:2)
  4 worms
  3 dart slugs
  2 leopard geckos
  7 orcs (D:5)
  4 bats
  4 giant cockroaches
  11 goblins
  6 hobgoblins
  3 jackals (D:2)
  10 kobolds
  A quokka (D:3)
  A ball python (D:5)
  4 frilled lizards
  A quokka skeleton (D:4)
  7 rats
  A bush (D:5)
100 creatures vanquished.

Vanquished Creatures (others)
  2 slaves (D:5)
  An orc priest (D:5)
  An orc wizard (D:5)
4 creatures vanquished.

Grand Total: 104 creatures vanquished

Notes
Turn   | Place    | Note
-------+----------+-------------------------------------------
     0 | D:1      | Manul the Mummy Fighter began the quest for the Orb.
     0 | D:1      | Reached XP level 1. HP: 18/18 MP: 1/1
   449 | D:1      | Reached XP level 2. HP: 23/24 MP: 2/2
  1120 | D:2      | Reached skill level 2 in Maces & Flails
  1120 | D:2      | Reached XP level 3. HP: 26/29 MP: 3/3
  1672 | D:3      | Reached XP level 4. HP: 34/35 MP: 4/4
  1959 | D:3      | Found a basalt altar of Yredelemnul.
  2006 | D:3      | Noticed kroki's ghost (amateur BaFi)
  2007 | D:3      | Found a bloodstained altar of Trog.
  2013 | D:3      | Killed kroki's ghost
  2013 | D:3      | Reached XP level 5. HP: 36/41 MP: 5/5
  2083 | D:3      | Reached skill level 3 in Maces & Flails
  2109 | D:3      | Noticed a necrophage
  2121 | D:3      | Killed a necrophage
  2121 | D:3      | Reached skill level 1 in Dodging
  2350 | D:4      | Found a runed door.
  2405 | D:4      | Noticed Robin
  2407 | D:4      | Reached XP level 6. HP: 44/47 MP: 6/6
  2431 | D:3      | Killed Robin
  2803 | D:4      | Noticed Eustachio
  2827 | D:4      | Killed Eustachio
  2827 | D:4      | Reached skill level 4 in Maces & Flails
  2827 | D:4      | Reached XP level 7. HP: 11/53 MP: 7/7
  3116 | D:4      | Found a glowing golden altar of the Shining One.
  3281 | D:4      | Noticed Crazy Yiuf
  3285 | D:4      | Killed Crazy Yiuf
  3327 | D:5      | Entered Level 5 of the Dungeon
  3562 | D:5      | Reached skill level 5 in Maces & Flails
  3633 | D:5      | Found Siotzion's Antique Weapon Emporium.
  3633 | D:5      | Noticed Pikel
  3664 | D:5      | Killed Pikel
  3664 | D:5      | Reached XP level 8. HP: 60/61 MP: 8/8
  3847 | D:5      | Found an ancient bone altar of Kikubaaqudgha.
  4551 | D:5      | Found a snail-covered altar of Cheibriados.
  4662 | D:6      | Reached skill level 5 in Fighting
  4662 | D:6      | Reached skill level 6 in Maces & Flails
  4668 | D:6      | HP: 3/62 [orc wizard/puff of flame (11)]
  4671 | D:6      | Killed from afar by an orc wizard

Vault maps used:
D:1:      scummos_arrival_simple_fountains, minmay_misc_feat_alley
D:2:      serial_glass, glass_columns_c, glass_columns_a
D:3:      lemuel_crystal_altar, old_standard_altar, first_bread,
          minmay_item_behind_shaft
D:4:      lemuel_round_altar, uniq_crazy_yiuf_cottage, uniq_eustachio,
          uniq_robin
D:5:      marbit_many_paths, old_standard_altar, serial_shops, shop_fountains,
          kb_lookout_dungeons_type, uniq_pikel
D:6:      hangedman_abyss_or_decor_stagger

Skill      XL: |  1  2  3  4  5  6  7  8 |
---------------+-------------------------+-----
Maces & Flails | 2 3 4 5 6 |  6.0
Armour         | 3 4 |  4.8
Shields        | 3 4 |  4.8
Dodging        | 1 2 |  2.3
Fighting       | 4 5 |  5.0

Action                   |  1- 3 |  4- 6 |  7- 9 || total
-------------------------+-------+-------+-------++-------
Melee: Flail             |    12 |       |       ||    12
       Whip              |    89 |   110 |   178 ||   377
  Use: Scroll            |       |       |     4 ||     4
 Stab: Sleeping          |       |       |     2 ||     2
Armor: Scale mail        |    44 |    42 |    43 ||   129
Dodge: Dodged            |    29 |    26 |    48 ||   103
Block: Shield            |    41 |    40 |    75 ||   156
